 Dungeon Crawl Stone Soup version 0.21.0-3-g78d12a8 (webtiles) character file.

101553 Inarius the Gelid (level 15, 0/106 HPs)
             Began as a White Draconian Ice Elementalist on Jan 7, 2018.
             Was the Champion of Hepliaklqana.
             Killed from afar by a merfolk aquamancer (12 damage)
             ... with a shard of ice
             ... on level 4 of the Lair of Beasts on Jan 8, 2018.
             The game lasted 02:05:19 (31268 turns).

Inarius the Gelid (DrIE)                           Turns: 31268, Time: 02:05:21

Health: 0/106      AC: 31    Str: 13    XL:     15   Next: 83%
Magic:  30/30      EV: 17    Int: 29    God:    Hepliaklqana [******]
Gold:   388        SH:  0    Dex: 20    Spells: 15/36 levels left

rFire    . . .     SeeInvis .   j - +5 dagger (elec)
rCold    + . .     Gourm    .   O - +1 shield
rNeg     . . .     Faith    .   (armour unavailable)
rPois    .         Spirit   .   v - +2 hat {Int+3}
rElec    +         Reflect  .   (no cloak)
rCorr    .         Harm     .   p - +0 pair of gloves
MR       ++...                  S - +0 pair of boots of the Kettle-Drum {rElec Int+2}
Stlth    +.........             N - amulet of regeneration
HPRegen  0.67/turn              L - ring of Robustness {AC+8}
MPRegen  0.22/turn              z - ring "Miregh" {MR+ Str+2 Dex+9}

@: confused, icy armour, flying (expiring), very slightly contaminated, drained,
invisible, slow
A: breathe frost, unfitting armour, reduced essence, blink, blurry vision 1,
clever 1, cold resistance 1, cold-blooded, MP-powered wands, AC +9
a: Breathe Frost, Blink, Recall Ancestor, Ancestor Identity, Transference,
Idealise, Renounce Religion


You were on level 4 of the Lair of Beasts.
You worshipped Hepliaklqana.
Hepliaklqana was exalted by your worship.
You were not hungry.

You visited 5 branches of the dungeon, and saw 25 of its levels.

You collected 2476 gold pieces.
You spent 2088 gold pieces at shops.

Inventory:

Hand Weapons
 j - a +5 dagger of electrocution (weapon)
Armour
 p - a +0 pair of gloves (worn)
 v - a +2 hat of intelligence (worn)
 x - a +2 pair of boots
 O - a +1 shield (worn)
 S - the +0 pair of boots of the Kettle-Drum (worn) {rElec Int+2}
   (You bought it in a shop on level 2 of the Orcish Mines)

   It affects your intelligence (+2).
   It insulates you from electricity.
Jewellery
 k - an uncursed ring of protection from fire
 z - the ring "Miregh" (right hand) {MR+ Str+2 Dex+9}
   (You found it on level 11 of the Dungeon)

   [ring of protection from magic]

   It affects your strength (+2).
   It affects your dexterity (+9).
   It affects your resistance to hostile enchantments.
 B - an uncursed ring of ice
 H - an uncursed ring of positive energy
 L - the ring of Robustness (left hand) {AC+8}
   (You found it on level 6 of the Lair of Beasts)

   [ring of protection]

   It affects your AC (+8).
 N - an amulet of regeneration (around neck)
Wands
 r - a wand of iceblast (19)
 u - a wand of random effects (43)
 w - a wand of enslavement (26)
 C - a wand of paralysis (61)
 D - a wand of disintegration (28)
 F - a wand of scattershot (5)
 K - a wand of acid (7)
 M - a wand of flame (18)
 P - a wand of digging (11)
Scrolls
 a - 5 scrolls of blinking
 c - 9 scrolls of remove curse
 g - 10 scrolls of amnesia
 i - 4 scrolls of fear
 q - 5 scrolls of magic mapping
 y - 2 scrolls of identify
 E - 2 scrolls of enchant armour
 G - a scroll of brand weapon
 I - 8 scrolls of teleportation
 Q - 2 scrolls of fog
Potions
 d - 4 potions of brilliance
 e - 3 potions of resistance
 f - 2 potions of agility
 h - a potion of berserk rage
 l - 6 potions of haste
 m - 2 potions of might
 s - 4 potions of flight
 J - 2 potions of ambrosia
 R - 2 potions of magic
Books
 t - a book of Power

   Spells                             Type                      Level
   a - Iskenderun's Battlesphere      Conjuration/Charms           5
   b - Venom Bolt                     Conjuration/Poison           5
   c - Bolt of Magma                  Conjuration/Fire/Earth       5
   d - Iron Shot                      Conjuration/Earth            6
   e - Orb of Destruction             Conjuration                  7
   f - Spellforged Servitor           Conjuration/Summoning        7
 T - a book of Annihilations

   Spells                             Type                      Level
   a - Poison Arrow                   Conjuration/Poison           6
   b - Chain Lightning                Conjuration/Air              8
   c - Lehudib's Crystal Spear        Conjuration/Earth            8
   d - Glaciate                       Conjuration/Ice              9
   e - Fire Storm                     Conjuration/Fire             9
Comestibles
 b - 41 rations
 U - 6 chunks of flesh


   Skills:
 + Level 7.2(6.8) Fighting
 - Level 0.3(0.0) Short Blades
 + Level 9.0(8.6) Dodging
 - Level 1.7(1.4) Stealth
 * Level 4.0(3.6) Shields
 - Level 0.2(0.0) Unarmed Combat
 - Level 11.0(10.6) Spellcasting
 + Level 12.6(12.2) Conjurations
 * Level 4.6(4.3) Charms
 + Level 4.6(4.3) Summonings
 * Level 19.5(19.0) Ice Magic
 - Level 7.0(6.6) Invocations


You had 15 spell levels left.
You knew the following spells:

 Your Spells              Type           Power        Failure   Level  Hunger
a - Freeze                Ice            ####         0%          1    None
b - Ozocubu's Armour      Chrm/Ice       ######..     1%          3    None
c - Throw Icicle          Conj/Ice       #######.     1%          4    None
d - Summon Ice Beast      Ice/Summ       ######..     1%          4    None
e - Glaciate              Conj/Ice       #######...   100%        9    #######


Dungeon Overview and Level Annotations

Branches:
Dungeon (15/15)            Temple (1/1) D:4            Lair (6/6) D:9
 Shoals (1/4) Lair:4        Snake (0/4) Lair:2        Slime (0/5) Lair:6
    Orc (2/2) D:11            Elf (0/3) Orc:2        Vaults (0/5) D:14
 Depths (0/5) D:15

Altars:
Cheibriados
Fedhas
Gozag
Hepliaklqana
Kikubaaqudgha
Qazlal
Sif Muna
Trog
Uskayaw
Vehumet
Xom
Zin
The Shining One
Beogh
Jiyva

Shops:
D:8 (   D:15 [   Orc:1 %?   Orc:2 :![

Annotations:
D:3 theswoord's ghost, amateur GrAK


Innate Abilities, Weirdness & Mutations

You can breathe waves of freezing cold.
You can buffet flying creatures when you breathe cold.
Your icy white scales are hard. (AC +9)
You cannot fit into any form of body armour.
Your flesh is cold resistant. (rC+)
You are cold-blooded and may be slowed by cold attacks.
Your life essence is reduced to manifest your ancestor. (-10% HP)
You can translocate small distances at will.
Scrolls take you a little longer to read.
Your mind is acute. (Int +2)
You expend magic power (3 MP) to strengthen your wands.


Message History

The merfolk aquamancer hits you with a rapier of draining!
* * * LOW HITPOINT WARNING * * *
You feel drained.
* * * LOW HITPOINT WARNING * * *
You block the merfolk aquamancer's attack.
Unknown command.
You are starting to lose your buoyancy.
The merfolk aquamancer mumbles some strange words.
The merfolk aquamancer blinks!
The merfolk aquamancer points at you and mumbles some strange words.
The torrent of water hits you!
* * * LOW HITPOINT WARNING * * *
The wave splashes down.
Unknown command.
You are confused.
You feel invigorated. The merfolk aquamancer misses you.
You're too confused!
The merfolk aquamancer casts a spell at you.
The shard of ice hits you! You partially resist.
You die...

#...... ### ###..## ##### ###.###
##### ##P#.#######.....### ### #
......##...........# #####P######
.......#..)..>....## #.##........
......##.....)..E..# #....##.##..
.....>#........Em≈.###....###.#..
#..............≈@m......######...
#...............≈≈#.##### ##...##
#......#..........### ##....#
#.......#.......### #.#..##
......#####...### ##..## ......#
#.##.#### ###P..# ......#
####.##.## #.#...## (P#####
#.....# ###.#...### ((...#
####..## #..........


You could see 2 merfolk aquamancers and 2 water elementals.

Vanquished Creatures
  Rupert (D:14)
  Gastronok (Lair:2)
  An orc warlord (Orc:1)
  Snorg (Lair:6)
  A fire dragon (Lair:6)
  Josephine (D:9)
  Harold (Orc:1)
  7 vault guards
  The ghost of 4thArraOfDagon the Stormcaller, a journeyman TeAE of Sif Muna (D:12)
  5 hydras
  A death knight (D:14)
  5 two-headed ogres
  2 centaur warriors (D:13)
  An ogre mage (D:13)
  Sonja (Lair:2)
  Nergalle (Lair:3)
  A skeletal warrior (D:14)
  2 slime creatures (D:15)
  4 unseen horrors
  A swamp dragon (Lair:6)
  2 deep elf magi
  Pikel (D:6)
  3 ugly things
  3 orc knights
  An orc sorcerer (Orc:2)
  2 cyclopes
  2 manticores
  9 elephants
  4 black mambas
  9 spiny frogs
  A gargoyle (D:12)
  4 rime drakes
  5 komodo dragons
  An efreet (D:14)
  5 trolls
  A polar bear (Lair:2)
  3 meliai (D:15)
  A polar bear (shapeshifter) (D:13)
  A hornet (D:8)
  Prince Ribbit (D:7)
  3 dream sheep (Lair:3)
  8 blink frogs
  4 hippogriffs
  3 wraiths
  4 hogs (D:12)
  2 wyverns
  2 water elementals (Lair:4)
  40 yaks
  3 basilisks
  2 wargs (Orc:2)
  2 acid dragons
  A soldier ant (D:15)
  A swamp drake (Lair:6)
  6 porcupines
  9 water moccasins
  2 ice beasts
  A phantom (D:11)
  11 ogres
  5 black bears
  20 orc warriors
  A hornet zombie (D:9)
  A sky beast (D:9)
  12 wolves
  8 centaurs
  9 crocodiles
  17 bullfrogs
  A big kobold (D:5)
  2 gnoll sergeants
  6 scorpions
  A water moccasin skeleton (D:4)
  12 killer bees
  2 wights
  2 howler monkeys (D:12)
  4 electric eels
  3 crimson imps
  3 bullfrog zombies
  A quasit (D:11)
  2 gnoll shamans (D:6)
  19 orc priests
  3 hounds
  2 jellies
  13 orc wizards
  A bullfrog skeleton (D:9)
  3 centaur skeletons
  Jessica (D:2)
  6 iguanas
  Natasha (thrice) (D:2)
  6 worker ants
  2 hound zombies
  A worker ant zombie (D:7)
  Robin (D:4)
  11 gnolls
  10 adders
  2 shadow imps
  3 oozes
  An adder zombie (D:8)
  5 worms
  A dart slug (D:4)
  3 leopard geckos
  70 orcs
  A ball python (D:2)
  8 bats
  5 giant cockroaches
  6 goblins
  13 hobgoblins
  A jackal (D:5)
  13 kobolds
  3 quokkas
  7 frilled lizards
  A jackal zombie (D:7)
  A quokka skeleton (D:5)
  5 rats
  A plant (Lair:6)
546 creatures vanquished.

Vanquished Creatures (collateral kills)
  Kirke (D:12)
  An orc warlord (Orc:1)
  A rakshasa (D:15)
  A vault guard (D:14)
  4 two-headed ogres
  Erica (Orc:1)
  2 hydras
  2 merfolk aquamancers (Shoals:1)
  2 sea snakes
  A glowing orange brain (D:15)
  2 orc knights (Orc:2)
  3 ugly things
  A shining eye (shapeshifter) (D:15)
  3 manticores
  4 elephants
  A water nymph (Shoals:1)
  2 black mambas
  A torpor snail (Lair:3)
  4 spiny frogs
  A centaur skeleton (D:13)
  A komodo dragon (Lair:6)
  3 rime drakes
  A freezing wraith (D:14)
  A queen bee (shapeshifter) (D:15)
  5 trolls
  2 merfolk (Lair:4)
  7 slime creatures (D:15)
  2 blink frogs
  3 hippogriffs (Lair:4)
  A snapping turtle (Lair:4)
  A dream sheep (Lair:3)
  3 wraiths
  22 yaks
  A hog (D:12)
  2 hungry ghosts
  3 basilisks
  An acid dragon (Lair:6)
  A water moccasin (Lair:4)
  11 porcupines
  15 orc warriors
  A sky beast (D:11)
  2 ice beasts
  A swamp drake (Lair:6)
  2 eyes of draining
  4 ogres
  4 centaurs
  11 wolves
  5 crocodiles
  A big kobold (D:9)
  8 bullfrogs
  3 scorpions
  4 killer bees
  6 wights
  2 crimson imps
  2 centaur zombies
  A jelly (D:12)
  A bullfrog skeleton (D:11)
  6 orc priests
  A hound (D:13)
  2 iguanas
  8 orc wizards
  A worker ant (D:11)
  2 worker ant zombies
  5 gnolls
  An adder (D:4)
  3 leopard geckos
  44 orcs
  A ball python (D:1)
  7 goblins (D:4)
  A hobgoblin (D:4)
  2 jackals (D:5)
  A quokka (D:9)
  4 kobolds
  2 fungi (Lair:5)
273 creatures vanquished.

Vanquished Creatures (others)
  A wizard (D:5)
  A dream sheep (Shoals:1)
  A human (D:13)
  A gnoll (D:13)
  12 knights
  An ancestor (D:3)
  10 fungi
  13 plants
40 creatures vanquished.

Grand Total: 859 creatures vanquished

Notes
Turn   | Place    | Note
-------+----------+-------------------------------------------
     0 | D:1      | Inarius the Draconian Ice Elementalist began the quest for the Orb.
     0 | D:1      | Reached XP level 1. HP: 14/14 MP: 3/3
   217 | D:1      | Reached XP level 2. HP: 13/20 MP: 0/5
   474 | D:1      | Reached XP level 3. HP: 26/26 MP: 3/6
   586 | D:1      | Learned a level 3 spell: Ozocubu's Armour
   631 | D:1      | You fall through a shaft!
   807 | D:2      | Reached skill level 4 in Ice Magic
   894 | D:2      | Noticed Jessica
   910 | D:2      | Killed Jessica
   910 | D:2      | Reached XP level 4. HP: 12/33 MP: 2/8
  1146 | D:2      | Noticed Natasha
  1158 | D:2      | Killed Natasha
  1192 | D:2      | Found a glowing golden altar of the Shining One.
  1363 | D:2      | Noticed Natasha
  1375 | D:2      | Killed Natasha
  1533 | D:2      | Reached XP level 5. HP: 27/39 MP: 7/9
  1558 | D:2      | Noticed Natasha
  1563 | D:2      | Killed Natasha
  1584 | D:2      | Found a hazy altar of Hepliaklqana.
  1619 | D:2      | Became a worshipper of Hepliaklqana the Forgotten
  1674 | D:2      | Found a glowing silver altar of Zin.
  1936 | D:1      | Reached skill level 5 in Ice Magic
  2044 | D:3      | Learned a level 4 spell: Throw Icicle
  2069 | D:3      | Noticed theswoord's ghost (amateur GrAK)
  2604 | D:2      | Reached XP level 6. HP: 32/41 MP: 7/11
  2923 | D:3      | Reached skill level 1 in Fighting
  2923 | D:3      | Reached skill level 1 in Charms
  2947 | D:3      | Learned a level 4 spell: Summon Ice Beast
  2996 | D:2      | Gained mutation: You are frail. (-10% HP) [potion of mutation]
  2996 | D:2      | Gained mutation: You are occasionally teleported next to monsters. [potion of mutation]
  2996 | D:2      | Gained mutation: Your mind is acute. (Int +2) [potion of mutation]
  3145 | D:2      | Lost mutation: You are frail. (-10% HP) [potion of mutation]
  3145 | D:2      | Lost mutation: Your mind is acute. (Int +2) [potion of mutation]
  3145 | D:2      | Gained mutation: You possess an exceptional clarity of mind. [potion of mutation]
  3145 | D:2      | Gained mutation: Your magical capacity is low. (-10% MP) [potion of mutation]
  3145 | D:2      | Gained mutation: Your mind is acute. (Int +2) [potion of mutation]
  3145 | D:2      | Lost mutation: Your magical capacity is low. (-10% MP) [potion of mutation]
  3154 | D:3      | Found a stormy altar of Qazlal.
  3398 | D:3      | Reached * piety under Hepliaklqana
  3791 | D:4      | Your scales start taking on an icy white colour.
  3791 | D:4      | Reached skill level 7 in Ice Magic
  3791 | D:4      | Reached XP level 7. HP: 39/46 MP: 12/12
  3791 | D:4      | Gained mutation: Your flesh is cold resistant. (rC+) [White Draconian growth]
  3809 | D:4      | Found a deep blue altar of Sif Muna.
  3809 | D:4      | Found an ancient bone altar of Kikubaaqudgha.
  3820 | D:4      | Found a staircase to the Ecumenical Temple.
  3826 | Temple   | Entered the Ecumenical Temple
  4383 | D:4      | Lost mutation: You possess an exceptional clarity of mind. [potion of mutation]
  4383 | D:4      | Lost mutation: Your mind is acute. (Int +2) [potion of mutation]
  4383 | D:4      | Lost mutation: You are occasionally teleported next to monsters. [potion of mutation]
  4383 | D:4      | Gained mutation: Scrolls take you a little longer to read. [potion of mutation]
  4383 | D:4      | Gained mutation: You can translocate small distances at will. [potion of mutation]
  4383 | D:4      | Gained mutation: Your mind is acute. (Int +2) [potion of mutation]
  4433 | D:4      | Found a radiant altar of Vehumet.
  4440 | D:4      | Identified Sif Muna's Reference Book on Execration
  4638 | D:4      | Noticed Robin
  4652 | D:4      | Killed Robin
  4918 | D:5      | Entered Level 5 of the Dungeon
  4926 | D:5      | Upgraded the game from 0.21.0 to 0.21.0-3-g78d12a8
  4934 | D:5      | Reached ** piety under Hepliaklqana
  4935 | D:5      | Remembered your ancestor Onaxys as a knight
  5363 | D:5      | Found a bloodstained altar of Trog.
  5365 | D:5      | Noticed a wizard
  5371 | D:5      | Killed a wizard
  5455 | D:5      | Found a snail-covered altar of Cheibriados.
  5571 | D:5      | Found a bloodstained altar of Trog.
  5630 | D:5      | Reached skill level 8 in Ice Magic
  5865 | D:6      | Reached XP level 8. HP: 44/54 MP: 9/14
  6758 | D:6      | Reached skill level 9 in Ice Magic
  6897 | D:6      | Reached skill level 5 in Spellcasting
  6897 | D:6      | Reached skill level 1 in Invocations
  7062 | D:6      | Reached *** piety under Hepliaklqana
  7438 | D:6      | Reached XP level 9. HP: 34/61 MP: 13/16
  7544 | D:6      | Noticed Pikel
  7559 | D:6      | Killed Pikel
  7559 | D:6      | Reached skill level 1 in Summonings
  7559 | D:6      | Reached skill level 10 in Ice Magic
  7637 | D:6      | Found a shimmering altar of Xom.
  7698 | D:6      | Reached skill level 5 in Conjurations
  8410 | D:7      | Noticed Prince Ribbit
  8415 | D:7      | Killed Prince Ribbit
  8612 | D:7      | Reached skill level 11 in Ice Magic
  8948 | D:8      | Paralysed by a hornet for 2 turns
  9026 | D:8      | Found Xute's Antique Weapon Emporium.
  9112 | D:8      | Reached XP level 10. HP: 51/69 MP: 6/19
  9290 | D:8      | Found a blossoming altar of Fedhas.
  9447 | D:8      | Found a hide-covered altar of Uskayaw.
  9970 | D:9      | Reached **** piety under Hepliaklqana
 10333 | D:9      | Found a staircase to the Lair.
 10476 | D:9      | Reached skill level 12 in Ice Magic
 10584 | D:9      | Reached skill level 5 in Dodging
 11085 | D:10     | Entered Level 10 of the Dungeon
 11404 | D:9      | Reached XP level 11. HP: 22/76 MP: 2/21
 12390 | D:10     | Reached skill level 13 in Ice Magic
 12392 | D:10     | Noticed Josephine
 12409 | D:9      | Killed Josephine
 12957 | D:11     | Found a staircase to the Orcish Mines.
 13152 | D:11     | Reached skill level 5 in Fighting
 13200 | D:11     | Got an ancient platinum ring
 13202 | D:11     | Identified the ring "Miregh" {MR+ Str+2 Dex+9} (You found it on level 11 of the Dungeon)
 13636 | D:12     | Noticed a green ugly thing
 13655 | D:11     | Killed a green ugly thing
 13889 | D:12     | Noticed a cyan ugly thing
 13895 | D:12     | Killed a cyan ugly thing
 14280 | D:12     | Reached ***** piety under Hepliaklqana
 14299 | D:12     | Noticed Kirke
 14329 | D:12     | Noticed 4thArraOfDagon's ghost (journeyman TeAE)
 14439 | D:12     | Reached skill level 14 in Ice Magic
 14463 | D:12     | Killed Kirke
 14463 | D:12     | Reached XP level 12. HP: 40/84 MP: 2/24
 14545 | D:12     | Noticed a two-headed ogre
 14559 | D:12     | Killed a two-headed ogre
 15258 | Lair:1   | Entered Level 1 of the Lair of Beasts
 15971 | Lair:1   | Noticed a six-headed hydra
 16036 | Lair:1   | Killed a six-headed hydra
 16922 | Lair:2   | Reached skill level 15 in Ice Magic
 16962 | Lair:2   | Noticed Gastronok
 16962 | Lair:2   | Noticed a seven-headed hydra
 16977 | Lair:2   | Killed a seven-headed hydra
 17004 | Lair:2   | Killed Gastronok
 17004 | Lair:2   | Reached skill level 5 in Invocations
 17250 | Lair:2   | Noticed a five-headed hydra
 17255 | Lair:2   | Killed a five-headed hydra
 17373 | Lair:2   | Reached XP level 13. HP: 91/91 MP: 18/26
 17404 | Lair:2   | Found a staircase to the Snake Pit.
 17578 | Lair:2   | Noticed Sonja
 17909 | Lair:2   | Killed Sonja
 18238 | Lair:3   | Noticed Nergalle
 18393 | Lair:3   | Reached skill level 10 in Conjurations
 18604 | Lair:3   | Killed Nergalle
 19024 | Lair:3   | Reached skill level 16 in Ice Magic
 19377 | Lair:4   | Reached ****** piety under Hepliaklqana
 19785 | Lair:4   | Found a shimmering altar of Xom.
 20313 | Lair:4   | Found a staircase to the Shoals.
 20798 | Lair:5   | Reached skill level 10 in Spellcasting
 21267 | Lair:5   | Reached XP level 14. HP: 75/99 MP: 7/28
 21634 | Lair:5   | Reached skill level 17 in Ice Magic
 22116 | Lair:6   | Entered Level 6 of the Lair of Beasts
 22492 | Lair:6   | Noticed Snorg
 22507 | Lair:6   | Killed Snorg
 22535 | Lair:6   | Found the ring of Robustness {AC+8}
 22645 | Lair:6   | Found the +9 scales of the Dragon King {rPois rF+ rC+ MR+}
 23264 | Lair:6   | Found a viscous altar of Jiyva.
 23264 | Lair:6   | Found a staircase to the Slime Pits.
 24442 | D:12     | Killed 4thArraOfDagon's ghost
 24841 | D:13     | You fall through a shaft!
 24849 | D:14     | Found a glowing silver altar of Zin.
 25358 | D:13     | Reached skill level 18 in Ice Magic
 25848 | D:14     | Found a gate to the Vaults.
 26022 | D:14     | Reached skill level 1 in Shields
 26241 | D:14     | Reached XP level 15. HP: 105/105 MP: 16/29
 26610 | D:14     | Noticed Rupert
 26634 | D:14     | Killed Rupert
 27055 | Orc:1    | Entered Level 1 of the Orcish Mines
 27068 | Orc:1    | Noticed an orc warlord
 27082 | Orc:1    | Killed an orc warlord
 27151 | Orc:1    | Noticed Harold
 27161 | Orc:1    | Killed Harold
 27496 | Orc:1    | Found Ynuiwa's Food Boutique.
 27589 | Orc:2    | Entered Level 2 of the Orcish Mines
 27962 | Orc:2    | Found a roughly hewn altar of Beogh.
 27981 | Orc:2    | Found Coet's Distillery.
 28002 | Orc:2    | Bought a potion of curing for 42 gold pieces
 28002 | Orc:2    | Bought a potion of heal wounds for 70 gold pieces
 28002 | Orc:2    | Bought a potion of heal wounds for 70 gold pieces
 28031 | Orc:1    | Noticed Erica
 28040 | Orc:1    | Killed Erica
 28288 | Orc:2    | Found a roughly hewn altar of Beogh.
 28513 | Orc:2    | Found a roughly hewn altar of Beogh.
 28593 | Orc:2    | Found a roughly hewn altar of Beogh.
 28619 | Orc:2    | Found Videu's Book Shop.
 28671 | Orc:2    | Found a roughly hewn altar of Beogh.
 28779 | Orc:2    | Found a staircase to the Elven Halls.
 28898 | Orc:1    | Found Uvoc's Magic Scroll Boutique.
 28910 | Orc:1    | Bought a scroll of identify for 28 gold pieces
 28953 | Orc:1    | Bought a scroll of teleportation for 42 gold pieces
 28953 | Orc:1    | Bought a scroll of teleportation for 42 gold pieces
 28953 | Orc:1    | Bought a scroll of teleportation for 42 gold pieces
 29095 | Orc:2    | Noticed an orc warlord
 29215 | Orc:1    | Killed an orc warlord
 29402 | Orc:2    | Found a roughly hewn altar of Beogh.
 29402 | Orc:2    | Found Otwydd's Antique Weapon Shoppe.
 29403 | Orc:2    | Found Higic's Antique Armour Emporium.
 29423 | Orc:2    | Bought a pair of translucent boots for 361 gold pieces
 29433 | Orc:2    | Identified the cursed +0 pair of boots of the Kettle-Drum {rElec Int+2} (You bought it in a shop on level 2 of the Orcish Mines)
 29522 | Orc:2    | Bought a book of Annihilations for 1324 gold pieces
 29533 | Orc:2    | Learned a level 9 spell: Glaciate
 29663 | D:15     | Entered Level 15 of the Dungeon
 29679 | D:15     | Reached skill level 19 in Ice Magic
 29884 | D:15     | Gained mutation: You expend magic power (3 MP) to strengthen your wands. [a shining eye]
 30071 | D:15     | Found a staircase to the Depths.
 30352 | D:15     | Found Abruysiu's Armour Shoppe.
 30362 | D:15     | Bought a +0 pair of gloves for 67 gold pieces
 30510 | D:15     | Found an opulent altar of Gozag.
 30992 | Shoals:1 | Entered Level 1 of the Shoals
 31266 | Lair:4   | HP: 2/106 [merfolk aquamancer/torrent of water (11)]
 31268 | Lair:4   | Killed from afar by a merfolk aquamancer

Skill      XL: |  1  2  3  4  5  6  7  8  9 10 11 12 13 14 15 |
---------------+----------------------------------------------+-----
Dodging        | 2 3 4 5 6 7 8 9 |  9.0
Ice Magic      | 4 5 7 8 9 11 12 14 15 16 18 19 | 19.5
Spellcasting   | 3 4 5 6 7 8 9 10 11 | 11.0
Fighting       | 1 2 3 4 5 6 7 |  7.2
Charms         | 1 2 3 4 |  4.6
Conjurations   | 3 4 6 7 8 9 10 12 | 12.6
Invocations    | 1 2 3 5 6 7 |  7.0
Summonings     | 1 3 4 |  4.6
Shields        | 1 4 |  4.0
Short Blades   | |  0.3
Stealth        | |  1.7
Unarmed Combat | |  0.2

Action                   |  1- 3 |  4- 6 |  7- 9 | 10-12 | 13-15 || total
-------------------------+-------+-------+-------+-------+-------++-------
Melee: Unarmed           |    28 |       |       |       |       ||    28
       Tailslap          |     3 |     9 |    19 |    59 |   131 ||   221
       Dagger            |    12 |   134 |   208 |   428 |   720 ||  1502
       Short sword       |     2 |       |       |       |       ||     2
       Punch             |       |       |       |     2 |       ||     2
 Cast: Freeze            |    43 |    41 |    15 |     4 |     2 ||   105
       Ozocubu's Armour  |       |     6 |    10 |    20 |    40 ||    76
       Throw Icicle      |       |       |    58 |   122 |   358 ||   538
       Summon Ice Beast  |       |       |     4 |    19 |    59 ||    82
Invok: Recall Ancestor   |       |     2 |       |     5 |     9 ||    16
       Ancestor Identity |       |     1 |       |       |       ||     1
       Ancestor Life: Kn |       |       |     1 |       |       ||     1
 Abil: Breathe Frost     |       |       |     2 |     7 |     4 ||    13
  Use: Potion            |     1 |     3 |     2 |     4 |    15 ||    25
       Scroll            |       |     4 |     6 |    15 |    12 ||    37
 Stab: Distracted        |       |     1 |     3 |     5 |    10 ||    19
       Sleeping          |       |       |     2 |     4 |     6 ||    12
  Eat: Chunk             |     1 |     9 |    24 |    36 |    34 ||   104
       Ration            |       |       |     1 |     1 |     4 ||     6
Armor: Skin              |    18 |    60 |    86 |   193 |   317 ||   674
Dodge: Dodged            |    50 |   117 |   179 |   418 |   733 ||  1497
Block: Shield            |       |       |       |       |   148 ||   148
